 Dungeon Crawl Stone Soup version 0.31.0 (webtiles) character file.

Game seed: 14798440132081580531

3206 qw the Skirmisher (level 9, -3/57 HPs)
             Began as a Gargoyle Hunter on Jan 19, 2024.
             Was a Follower of Okawaru.
             Slain by a boulder beetle (18 damage)
             ... on level 7 of the Dungeon.
             The game lasted 00:00:49 (7361 turns).

qw the Skirmisher (Gargoyle Hunter)                 Turns: 7361, Time: 00:00:50

Health: -3/57      AC: 15    Str: 16    XL:     9   Next: 97%
Magic:  11/12      EV: 20    Int:  9    God:    Okawaru [*.....]
Gold:   472        SH:  5    Dex: 21    Spells: 8/8 levels left

rFire   + . .        h - +0 arbalest
rCold   . . .        (shield currently unavailable)
rNeg    + . .        c - +2 leather armour {rF+}
rPois   inf          e - +2 helmet
rElec   +            (no cloak)
rCorr   .            (no gloves)
SInv    .            (no boots)
Will    .....        m - amulet of reflection
Stlth   +++          o - +5 ring of evasion
HPRegen 0.29/turn    i - +6 ring of dexterity
MPRegen 0.13/turn

%: reflection
@: heroic, grasped by roots, constricted
A: sickness immunity, AC +6, negative energy resistance 1, electricity
resistance, torment resistance 1, petrification resistance, clumsy 1, mutation
resistance 1
a: Renounce Religion, Heroism


You were on level 7 of the Dungeon.
You worshipped Okawaru.
Okawaru was aware of your devotion.
You visited 2 branches of the dungeon, and saw 8 of its levels.
You also visited: Sewer.

You collected 625 gold pieces.
You spent 153 gold pieces at shops.


Innate Abilities, Weirdness & Mutations

You are immune to sickness and miasma.
Your stone body is resilient. (AC +6)
You are immune to poison.
You resist negative energy. (rN+)
You are resistant to electric shocks. (rElec)
You are resistant to unholy torment.
You are immune to petrification.
You are clumsy. (Dex -2)
You are somewhat resistant to further mutation.


   Skills:
 + Level 7.0(12.0) Fighting
 - Level 11.0(16.0) Ranged Weapons
 - Level 1.6(6.6) Armour
 - Level 4.4(9.4) Dodging
 - Level 1.1(6.1) Stealth
 - Level 4.0 Invocations


You had 8 spell levels left.
You didn't know any spells.
Your spell library was empty.

Inventory:

Hand Weapons
 h - a +0 arbalest (weapon)
Armour
 c - a +2 leather armour of fire resistance (worn)
 e - a +2 helmet (worn)
Jewellery
 d - a ring of fire
 i - a +6 ring of dexterity (right hand)
 m - an amulet of reflection (around neck)
 o - a +5 ring of evasion (left hand)
Scrolls
 f - a scroll of identify
 g - a scroll of teleportation
Potions
 b - 2 potions of cancellation
 j - a potion of mutation
 k - 2 potions of enlightenment

Dungeon Overview and Level Annotations

Branches:
Dungeon (7/15)             Temple (1/1) D:4           Sewer (visited)

Altars:
Ashenzari
Dithmenos
Elyvilon
Gozag
Hepliaklqana
Kikubaaqudgha
Makhleb
Nemelex Xobeh
Okawaru
Qazlal
Ru
Uskayaw
Vehumet
Wu Jian
Xom
Yredelemnul
Zin
The Shining One

Shops:
D:6 [

Annotations:
D:4 1 runed translucent door, qw's ghost, amateur GrHu
D:7 Maggie


Message History

The boulder beetle bites you!
You shoot a bolt. The bolt hits the boulder beetle.
The boulder beetle is lightly wounded.
The boulder beetle barely misses you.
You shoot a bolt.
The bolt hits the boulder beetle but does no damage.
The boulder beetle is lightly wounded.
Maggie zaps a wand.
The roots erupt in riotous growth!
The boulder beetle is unaffected.
Maggie is unaffected.
The grasping roots grab you! The grasping roots constrict you.
The boulder beetle completely misses you.
You hear a shout!
You shoot a bolt. The bolt hits the boulder beetle!!
The boulder beetle is heavily wounded.
Maggie says, "If you die in the Dungeon, but nobody's around to see it, does it really matter?"
Maggie misses you. The grasping roots constrict you.
The boulder beetle bites you.
You shoot a bolt. The bolt hits the boulder beetle.
The boulder beetle is heavily wounded.
Maggie misses you. The grasping roots constrict you.
The boulder beetle barely misses you.
The grasping roots release their grip on you.
You shoot a bolt. The bolt hits the boulder beetle!
The boulder beetle is severely wounded.
Maggie zaps a wand.
The roots erupt in riotous growth!
The boulder beetle is unaffected.
Maggie is unaffected.
The grasping roots grab you! The grasping roots constrict you.
The boulder beetle bites you.
You hear a shout!
You shoot a bolt.
The bolt hits the boulder beetle but does no damage.
The boulder beetle is severely wounded.
Maggie completely misses you. The grasping roots constrict you.
The boulder beetle closely misses you.
You shoot a bolt. The bolt hits the boulder beetle!
The boulder beetle is almost dead.
Maggie completely misses you. The grasping roots constrict you.
The boulder beetle bites you!!
You die...

..7...77.....7 7.#..#
77.77#7777.#.777.#..# 7.7
#.....#.....# 7.7 ###.###77.77# #
77.77#.....#.7.7.#..## #
7)7.7#.777.#7.7.7#...# #
7.7.7#.....#.7.7.#...# #
)777.#.##'##7.7.7#...# #
.7.7)#.#..##.7.7@#...## #
.7.7.#.#..##7.7B7#....# #
)7.7.#.#.###77@77...# #
..~..#.#'#.#........# # #
.7.7.###.#.#77.77...#.# #
.7.7.##..#.#7.7.7#....# #
.7.7.##..#.#.7 7.#.#.>.... #
.777.##)##.#7 7.7#.####### #
7.7.7#..)..#.7.7.#.#....#########


You could see a boulder beetle and Maggie.

Vanquished Creatures
  2 kobold demonologists (D:7)
  Eustachio (D:6)
  2 water moccasins (D:7)
  3 sky beasts (D:7)
  An orc warrior (D:7)
  An ice beast (D:6)
  2 black bears
  2 ogres
  2 phantoms
  A brain worm (Sewer)
  3 bullfrogs (D:7)
  3 scorpions
  2 wights (D:7)
  A howler monkey (D:6)
  3 bombardier beetles (D:4)
  A hound (D:7)
  3 orc priests (D:7)
  A jelly (D:5)
  2 iguanas (D:5)
  3 iron imps (D:3)
  4 orc wizards
  A mummy (D:4)
  7 gnolls
  7 adders
  4 river rats
  3 white imps
  An ufetubus (D:7)
  3 ribbon worms
  3 dart slugs
  18 orcs
  7 bats
  11 endoplasms
  7 giant cockroaches
  7 goblins
  7 hobgoblins
  6 jackals
  2 kobolds
  8 quokkas
  8 ball pythons
  3 frilled lizards
  4 hobgoblin zombies (D:4)
160 creatures vanquished.

Notes
Turn   | Place    | Note
-------+----------+-------------------------------------------
     0 | D:1      | qw the Gargoyle Hunter began the quest for the Orb.
     0 | D:1      | Reached XP level 1. HP: 12/12 MP: 1/1
     0 | D:1      | 0 ||| qw: Version: 0.3-a-132-g3d54051
     0 | D:1      | 0 ||| qw: Game counter: 28
     0 | D:1      | 0 ||| qw: Melee chars always use a shield: true
     0 | D:1      | 0 ||| qw: God list: Okawaru
     0 | D:1      | 0 ||| qw: Allow faded altars: false
     0 | D:1      | 0 ||| qw: Do Orc after clearing Dungeon:15 true
     0 | D:1      | 0 ||| qw: Do second Lair branch before Depths: true
     0 | D:1      | 0 ||| qw: Lair rune preference: random
     0 | D:1      | 0 ||| qw: Goals: Normal
     0 | D:1      | 0 ||| PLANNING D:1-11
   115 | D:1      | Reached XP level 2. HP: 17/17 MP: 2/2
   826 | D:1      | 826 ||| UPGRADING to ring of protection from cold.
   827 | D:1      | 827 ||| READING 2 scrolls labelled CULEUR PYIKHLAMI.
   928 | D:1      | 928 ||| READING scroll labelled XUMASO AWOWK.
   928 | D:1      | 928 ||| ENCHANTING +0 shortbow.
   929 | D:1      | 929 ||| READING 2 scrolls labelled DUTEMO DUOX.
   933 | D:1      | 933 ||| DROPPING scroll of butterflies.
   934 | D:1      | 934 ||| DROPPING scroll of vulnerability.
  1445 | D:2      | Reached XP level 3. HP: 19/21 MP: 3/3
  1656 | D:2      | 1656 ||| UPGRADING to amulet of regeneration.
  1661 | D:2      | 1661 ||| UPGRADING to +6 ring of dexterity.
  1662 | D:2      | 1662 ||| READING 2 scrolls labelled QAUWKU SIFUH.
  1662 | D:2      | 1662 ||| IDENTIFYING 2 pink potions
  1663 | D:2      | 1663 ||| READING scroll of identify.
  1663 | D:2      | 1663 ||| IDENTIFYING 4 scrolls labelled JEEKKE TEVIME
  1664 | D:2      | 1664 ||| DROPPING 4 scrolls of noise.
  1694 | D:3      | 1694 ||| STAIRDANCE
  1705 | D:3      | Reached skill level 5 in Ranged Weapons
  1807 | D:3      | Reached skill level 3 in Fighting
  1807 | D:3      | Reached XP level 4. HP: 25/28 MP: 4/4
  1811 | D:3      | 1811 ||| FLEEEEING.
  2011 | D:3      | Found a burning altar of Makhleb.
  2023 | D:3      | Reached XP level 5. HP: 32/32 MP: 5/5
  2034 | D:3      | Reached skill level 6 in Ranged Weapons
  2067 | D:3      | 2067 ||| READING scroll labelled WILO CIYTENEAT.
  2068 | D:3      | 2068 ||| READING scroll labelled IXEARE VELURGH.
  2069 | D:3      | 2069 ||| DRINKING 3 fuming puce potions.
  2069 | D:3      | Gained mutation: You occasionally lose the ability to read
                  | scrolls when taking damage. [potion of mutation]
  2070 | D:3      | 2070 ||| DRINKING 2 potions of mutation.
  2070 | D:3      | Lost mutation: You occasionally lose the ability to read
                  | scrolls when taking damage. [potion of mutation]
  2070 | D:3      | Gained mutation: You have hidden genetic defects. [potion
                  | of mutation]
  2070 | D:3      | Gained mutation: Your spells are a little harder to cast,
                  | but a little more powerful. [potion of mutation]
  2070 | D:3      | Gained mutation: You are strong-willed. (Will+) [potion of
                  | mutation]
  2071 | D:3      | 2071 ||| DRINKING 2 purple potions.
  2072 | D:3      | 2072 ||| DROPPING potion of degeneration.
  2212 | D:4      | 2212 ||| PLANNING SEWER
  2219 | D:4      | 2219 ||| STAIRDANCE
  2267 | D:4      | Gained mutation: You are occasionally teleported next to
                  | monsters. [hidden defects]
  2268 | D:4      | 2268 ||| DRINKING potion of mutation.
  2268 | D:4      | Lost mutation: Your spells are a little harder to cast, but
                  | a little more powerful. [potion of mutation]
  2268 | D:4      | Lost mutation: You are occasionally teleported next to
                  | monsters. [potion of mutation]
  2268 | D:4      | Gained mutation: You do not regenerate when monsters are
                  | visible. [potion of mutation]
  2268 | D:4      | Lost mutation: You are strong-willed. (Will+) [potion of
                  | mutation]
  2268 | D:4      | Gained mutation: You have terrible hidden genetic defects.
                  | [potion of mutation]
  2268 | D:4      | Gained mutation: You have a pair of small horns on your
                  | head. [potion of mutation]
  2272 | D:4      | Found a staircase to the Ecumenical Temple.
  2354 | D:4      | Reached XP level 6. HP: 38/38 MP: 6/6
  2360 | D:4      | Gained mutation: You are clumsy. (Dex -2) [hidden defects]
  2360 | D:4      | Lost mutation: You have terrible hidden genetic defects.
                  | [hidden defects expressed]
  2495 | D:4      | Found a glowing drain.
  2501 | D:4      | 2501 ||| READING 2 scrolls of identify.
  2501 | D:4      | 2501 ||| IDENTIFYING scroll labelled ARHOPI VEURIDYLI
  2506 | Sewer    | Entered a sewer
  2529 | Sewer    | Gained mutation: You are dopey. (Int -2) [hidden defects]
  2557 | Sewer    | Reached skill level 7 in Ranged Weapons
  2561 | Sewer    | Gained mutation: Your magical capacity is low. (-10% MP)
                  | [hidden defects]
  2561 | Sewer    | Lost mutation: You have hidden genetic defects. [hidden
                  | defects expressed]
  2752 | Sewer    | 2752 ||| READING scroll of enchant weapon.
  2752 | Sewer    | 2752 ||| ENCHANTING +1 shortbow.
  2765 | Sewer    | 2765 ||| DRINKING potion of mutation.
  2765 | Sewer    | Lost mutation: Your magical capacity is low. (-10% MP)
                  | [potion of mutation]
  2765 | Sewer    | Lost mutation: You have a pair of small horns on your head.
                  | [potion of mutation]
  2765 | Sewer    | Lost mutation: You do not regenerate when monsters are
                  | visible. [potion of mutation]
  2765 | Sewer    | Lost mutation: You are dopey. (Int -2) [potion of mutation]
  2765 | Sewer    | Gained mutation: You are somewhat resistant to further
                  | mutation. [potion of mutation]
  2798 | Sewer    | Reached XP level 7. HP: 28/43 MP: 7/7
  3035 | Sewer    | 3035 ||| READING 2 scrolls of identify.
  3035 | Sewer    | 3035 ||| IDENTIFYING scroll labelled CEPEIL UKOBA
  3036 | Sewer    | 3036 ||| DROPPING scroll of immolation.
  3059 | D:4      | 3059 ||| PLANNING TEMPLE
  3109 | Temple   | Entered the Ecumenical Temple
  3110 | Temple   | 3110 ||| PLANNING D:1-11
  3157 | D:4      | Found a runed translucent door.
  3159 | D:4      | Noticed qw's ghost (amateur GrHu)
  3257 | D:4      | 3257 ||| FLEEEEING.
  3261 | D:4      | 3261 ||| FLEEEEING.
  3262 | D:4      | 3262 ||| FLEEEEING.
  3270 | D:4      | HP: 5/43 [gnoll/+0 flail (8)]
  3271 | D:4      | 3271 ||| READING 4 scrolls of teleportation.
  3284 | D:4      | 3284 ||| FLEEEEING.
  3285 | D:4      | 3285 ||| FLEEEEING.
  3286 | D:4      | 3286 ||| FLEEEEING.
  3362 | D:4      | Found a white marble altar of Elyvilon.
  3512 | D:4      | Reached skill level 8 in Ranged Weapons
  3522 | D:4      | 3522 ||| UPGRADING to amulet of reflection.
  3532 | D:4      | 3532 ||| DROPPING amulet of regeneration.
  3533 | D:4      | 3533 ||| READING scroll of identify.
  3533 | D:4      | 3533 ||| IDENTIFYING brown potion
  3534 | D:4      | 3534 ||| DROPPING potion of brilliance.
  3554 | D:5      | Entered Level 5 of the Dungeon
  3665 | D:5      | Reached skill level 1 in Armour
  3665 | D:5      | 3665 ||| FLEEEEING.
  3771 | D:5      | Found a glowing silver altar of Zin.
  4156 | D:5      | 4156 ||| FLEEEEING.
  4159 | D:5      | 4159 ||| STAIRDANCE
  4221 | D:4      | 4221 ||| UPGRADING to +0 leather armour of positive energy.
  4231 | D:4      | 4231 ||| DROPPING +0 leather armour.
  4232 | D:4      | 4232 ||| UPGRADING to +5 ring of evasion.
  4234 | D:4      | 4234 ||| DROPPING ring of protection from cold.
  4235 | D:4      | 4235 ||| READING scroll of identify.
  4235 | D:4      | 4235 ||| IDENTIFYING bubbling inky potion
  4236 | D:4      | 4236 ||| DROPPING potion of attraction.
  4526 | D:5      | Found an opulent altar of Gozag.
  4537 | D:5      | 4537 ||| FLEEEEING.
  4605 | D:5      | Reached XP level 8. HP: 48/49 MP: 8/8
  4778 | D:6      | Noticed Eustachio
  4798 | D:6      | Killed Eustachio
  4799 | D:6      | Reached skill level 9 in Ranged Weapons
  4810 | D:6      | Found Yzaetep's Antique Armour Boutique.
  4815 | D:6      | 4815 ||| BUYING helmet (153 gold).
  4815 | D:6      | Bought a helmet for 153 gold pieces
  4957 | D:6      | 4957 ||| DRINKING cyan potion.
  5028 | D:6      | Found a shadowy altar of Dithmenos.
  5029 | D:6      | 5029 ||| UPGRADING to +2 leather armour of fire resistance.
  5030 | D:6      | 5030 ||| UPGRADING to +2 leather armour of fire resistance.
  5033 | D:6      | 5033 ||| UPGRADING to +2 leather armour of fire resistance.
  5043 | D:6      | 5043 ||| UPGRADING to +0 helmet.
  5048 | D:6      | 5048 ||| DROPPING +0 leather armour of positive energy.
  5049 | D:6      | 5049 ||| READING scroll of enchant armour.
  5049 | D:6      | 5049 ||| ENCHANTING +0 helmet.
  5076 | D:6      | 5076 ||| FLEEEEING.
  5228 | D:6      | Reached skill level 6 in Fighting
  5228 | D:6      | 5228 ||| FLEEEEING.
  5354 | D:6      | Found a hazy altar of Hepliaklqana.
  5377 | D:6      | 5377 ||| FLEEEEING.
  5379 | D:6      | 5379 ||| FLEEEEING.
  5380 | D:6      | 5380 ||| FLEEEEING.
  5381 | D:6      | 5381 ||| FLEEEEING.
  5386 | D:6      | Reached skill level 3 in Dodging
  5458 | D:6      | Found an ornate altar of the Wu Jian Council.
  5548 | D:6      | Found an iron altar of Okawaru.
  5549 | D:6      | 5549 ||| PLANNING OKAWARU WORSHIP
  5656 | D:6      | Became a worshipper of Warmaster Okawaru
  5657 | D:6      | 5657 ||| PLANNING D:1-11
  5976 | D:7      | Found a stormy altar of Qazlal.
  6011 | D:7      | Reached XP level 9. HP: 55/55 MP: 9/9
  6014 | D:7      | Reached skill level 10 in Ranged Weapons
  6051 | D:7      | 6051 ||| FLEEEEING.
  6197 | D:7      | Reached * piety under Okawaru
  6239 | D:7      | Reached skill level 1 in Invocations
  6265 | D:7      | HP: 13/57 [orc/+0 hand axe (5)]
  6266 | D:7      | 6266 ||| READING 4 scrolls of teleportation.
  6268 | D:7      | 6268 ||| FLEEEEING.
  6286 | D:7      | 6286 ||| FLEEEEING.
  6427 | D:7      | Noticed a kobold demonologist
  6433 | D:7      | 6433 ||| INVOKING Heroism.
  6434 | D:7      | Noticed a rust devil
  6434 | D:7      | 6434 ||| RETREEEEATING.
  6446 | D:7      | Killed a kobold demonologist
  6447 | D:7      | Reached skill level 3 in Invocations
  6462 | D:7      | 6462 ||| FLEEEEING.
  6507 | D:7      | Noticed a boulder beetle
  6508 | D:7      | 6508 ||| SWAPPING to +0 arbalest.
  6509 | D:7      | 6509 ||| INVOKING Heroism.
  6510 | D:7      | 6510 ||| RETREEEEATING.
  6515 | D:7      | 6515 ||| RETREEEEATING.
  6516 | D:7      | 6516 ||| RETREEEEATING.
  6517 | D:7      | 6517 ||| RETREEEEATING.
  6518 | D:7      | 6518 ||| RETREEEEATING.
  6519 | D:7      | 6519 ||| RETREEEEATING.
  6520 | D:7      | 6520 ||| RETREEEEATING.
  6521 | D:7      | 6521 ||| RETREEEEATING.
  6522 | D:7      | 6522 ||| RETREEEEATING.
  6523 | D:7      | 6523 ||| RETREEEEATING.
  6523 | D:7      | HP: 11/57 [boulder beetle (19)]
  6524 | D:7      | 6524 ||| READING 3 scrolls of teleportation.
  6525 | D:7      | 6525 ||| RETREEEEATING.
  6525 | D:7      | HP: 5/57 [bullfrog (5)]
  6526 | D:7      | 6526 ||| RETREEEEATING.
  6527 | D:7      | 6527 ||| FLEEEEING.
  6705 | D:7      | 6705 ||| DROPPING +2 shortbow.
  6859 | D:7      | 6859 ||| READING scroll of enchant armour.
  6859 | D:7      | 6859 ||| ENCHANTING +1 helmet.
  6904 | D:7      | Identified the serpent talisman of Tuzumum {rElec rCorr
                  | Str-5 Int-5}
  6905 | D:7      | Noticed Maggie
  6906 | D:7      | 6906 ||| INVOKING Heroism.
  6907 | D:7      | Noticed a kobold demonologist
  6912 | D:7      | 6912 ||| RETREEEEATING.
  6916 | D:7      | 6916 ||| RETREEEEATING.
  6917 | D:7      | 6917 ||| RETREEEEATING.
  6918 | D:7      | 6918 ||| RETREEEEATING.
  6920 | D:7      | Reached skill level 11 in Ranged Weapons
  6927 | D:7      | 6927 ||| INVOKING Heroism.
  6932 | D:7      | HP: 13/57 [Maggie/+1 halberd of pain (5)]
  6933 | D:7      | 6933 ||| READING 2 scrolls of teleportation.
  6936 | D:7      | 6936 ||| FLEEEEING.
  7111 | D:7      | 7111 ||| FLEEEEING.
  7124 | D:7      | Found a shimmering altar of Xom.
  7276 | D:7      | 7276 ||| INVOKING Heroism.
  7294 | D:7      | Noticed a smoke demon
  7295 | D:7      | 7295 ||| RETREEEEATING.
  7298 | D:7      | 7298 ||| INVOKING Heroism.
  7302 | D:7      | Killed a kobold demonologist
  7351 | D:7      | 7351 ||| INVOKING Heroism.
  7361 | D:7      | Slain by a boulder beetle

Levels and vault maps discovered:
D:1:      amcnicky_arrival_wind_blow, layout_basic, minivault_4,
          minmay_misc_feat_columns
D:2:      layout_loops_ring
D:3:      layout_basic, demons_altar, grunt_decor_junction, st_stairs_14,
          minivault_25, item_on_display_a
D:4:      minmay_skewed_foursquare, layout_cave_pools, kennysheep_mini_moat,
          minmay_temple_entry_grid, portal_sewer_entry_e,
          ebering_ghost_inner_flame, serial_bayou_pond_b, minmay_mini_ossuary
D:5:      layout_basic, nicolae_gozag_seed_capital,
          mainiacjoe_overflow_six_doors_small
D:6:      layout_loops_corners, nicolae_hepliaklqana_hazy_memory,
          nicolae_dithmenos_through_a_glass_darkly,
          nicolae_overflow_crystal_walls, okawaru_gym_becter, serial_shops,
          nicolae_shop_rolling_square, uniq_eustachio
D:7:      nzn_winding_woodlands_medium [nzn_winding_woodlands_5x5_cross,
          nzn_winding_woodlands_5x15_eye, nzn_winding_woodlands_5x5_closed_star,
          nzn_winding_woodlands_5x5_three, nzn_winding_woodlands_center_lodge,
          nzn_winding_woodlands_5x5_checkerboard,
          nzn_winding_woodlands_5x5_perimeter,
          nzn_winding_woodlands_5x15_split_checker,
          nzn_winding_woodlands_5x5_default], layout_basic,
          nicolae_overflow_hidden_temple, general_overflow_altar,
          minmay_misc_feat_rugged, uniq_maggie
Temple:   pf_temple_reverse_labyrinth

Skill      XL: |  1  2  3  4  5  6  7  8  9 |
---------------+----------------------------+-----
Ranged Weapons | 5 6 7 8 9 11 | 11.0
Fighting       | 3 4 5 6 7 |  7.0
Dodging        | 2 3 4 |  4.4
Armour         | 1 |  1.6
Invocations    | 4 |  4.0
Stealth        | |  1.1

Action                     |  1- 3 |  4- 6 |  7- 9 || total
---------------------------+-------+-------+-------++-------
   Fire: Shortbow          |    81 |   202 |   339 ||   622
         Arbalest          |       |       |    75 ||    75
 Invoke: Heroism           |       |       |     7 ||     7
    Use: Scroll            |     5 |     4 |     9 ||    18
         Potion            |       |     5 |     1 ||     6
 Armour: Leather armour    |    14 |    71 |   145 ||   230
  Dodge: Dodged            |    19 |    78 |   227 ||   324
  Block: Other             |       |       |    42 ||    42

Table legend:
 A = Non-vault XP
 B = Vault XP
 C = Vault XP percentage of total XP
 D = Non-vault monster count
 E = Vault monster count
 F = Vault count percentage of total count
                 A         B        C        D         E       F
            +---------+---------+-------+---------+---------+-------
      Total |    1723 |    2858 |  62.4 |      89 |      71 |  44.4
            +---------+---------+-------+---------+---------+-------
        D:1 |      25 |       0 |   0.0 |      12 |       0 |   0.0
        D:2 |      12 |       0 |   0.0 |       7 |       0 |   0.0
        D:3 |      75 |     121 |  61.7 |      18 |       4 |  18.2
        D:4 |      76 |     331 |  81.3 |      14 |      22 |  61.1
        D:5 |     402 |       0 |   0.0 |      10 |       0 |   0.0
        D:6 |     629 |     191 |  23.3 |      16 |       1 |   5.9
        D:7 |     504 |    2000 |  79.9 |      12 |      19 |  61.3
      Sewer |       0 |     215 | 100.0 |       0 |      25 | 100.0
            +---------+---------+-------+---------+---------+-------
